 Dungeon Crawl Stone Soup version 0.25-a0-503-ge281fa673e (webtiles) character file.

Game seed: 15684792850389290004, levelgen mode: deterministic

66 ICC the Sneak (level 3, -2/20 HPs)
             Began as a Vampire Enchanter on Feb 13, 2020.
             Slain by an orc
             ... wielding a +0 trident
              (4 damage)
             ... on level 3 of the Dungeon.
             The game lasted 00:07:57 (1428 turns).

ICC the Sneak (Vampire Enchanter)                   Turns: 1428, Time: 00:07:58

Health: -2/20      AC:  2    Str:  7    XL:     3   Next: 96%
Magic:  6/6        EV:  6    Int: 18    God:
Gold:   59         SH:  0    Dex: 14    Spells: 0/6 levels left

rFire    . . .     SeeInvis +   a - +1 dagger
rCold    + + .     Gourm    .   (no shield)
rNeg     + + +     Faith    .   b - +0 robe
rPois    ∞         Spirit   .   (no helmet)
rElec    .         Reflect  .   (no cloak)
rCorr    .         Harm     .   (no gloves)
MR       .....                  (no boots)
Stlth    +++++.....             (no amulet)
HPRegen  0.00/turn              (no ring)
MPRegen  0.10/turn              (no ring)

@: held, bloodless
A: no food, fangs 3, see invisible, unbreathing
a: Bat Form, Revivify


You were on level 3 of the Dungeon.
You were bloodless.

You visited 1 branch of the dungeon, and saw 3 of its levels.

You collected 59 gold pieces.

Inventory:

Hand Weapons
 a - a +1 dagger (weapon)
Missiles
 e - 96 stones (quivered)
 h - 2 javelins
 m - 2 datura-tipped darts
Armour
 b - a +0 robe (worn)
Scrolls
 f - 4 scrolls of remove curse {unknown}
 g - 2 scrolls of random uselessness {unknown}
 i - 2 scrolls of enchant weapon {unknown}
 l - 2 scrolls of blinking {unknown}
 o - a scroll of teleportation {unknown}
 p - 2 scrolls of identify {unknown}
Potions
 c - 2 potions of agility {unknown}
 d - a potion of might {unknown}
 j - a potion of brilliance {unknown}
 k - 2 potions of curing {unknown}
 n - a potion of heal wounds {unknown}


   Skills:
 - Level 1.0 Fighting
 + Level 2.8 Short Blades
 - Level 2.1 Dodging
 + Level 6.0 Stealth
 - Level 2.0 Spellcasting
 - Level 4.4 Hexes


You couldn't memorise any spells.
You knew the following spells:

 Your Spells              Type           Power        Failure   Level  Hunger
a - Corona                Hex            ###....      3%          1    N/A
b - Ensorcelled Hibernat  Hex/Ice        #.....       11%         2    N/A
c - Confusing Touch       Hex            ###.....     9%          3    N/A

Your spell library contained the following spells:

 Spells                   Type           Power        Failure   Level  Hunger
 Tukima's Dance           Hex            ###.....     9%          3    N/A
 Dazzling Flash           Conj/Hex       #.....       22%         3    N/A
 Gell's Gravitas          Tloc           #.........   47%         3    N/A
 Petrify                  Tmut/Erth      #.......     87%         4    N/A
 Metabolic Englaciation   Hex/Ice        #.........   90%         5    N/A
 Yara's Violent Unravell  Hex/Tmut       #.........   90%         5    N/A

Dungeon Overview and Level Annotations

Branches:
Dungeon (3/15)

Altars:
Yredelemnul
Zin


Innate Abilities, Weirdness & Mutations

You do not eat.
You do not regenerate when monsters are visible.
You are frail without blood (-20% HP).
You can heal yourself when you bite living creatures.
You are immune to poison.
You have razor-sharp teeth.
You have supernaturally acute eyesight. (SInv)
You can survive without breathing.


Message History

The helpless adder fails to defend itself.
You bite the adder, and draw its blood!
You feel better.
You impale the adder!!
You kill the adder!
Your Stealth skill increases to level 6!
The orc hits you from afar with a +0 trident.
* * * LOW HITPOINT WARNING * * *
The dart slug launches a dart at you. The slug dart hits you.
* * * LOW HITPOINT WARNING * * *
The frilled lizard closely misses you. 3 gnolls come into view.
The gnoll shouts! x2
A rat comes into view.
The gnoll throws a throwing net.
The throwing net hits you.
You become entangled in the net!
You see here a throwing net.
Unknown command.
You struggle against the net.
The orc hits you from afar with a +0 trident.
You die...

#................##
#................##
#...w.........$..#.
#................#.
#...!............#<
#...†....o..$....#. ###
##..............##.
.....###o....##.......>.
.r..g.g@lo..............
....g.............(.....
.....#############...###
#### #.........
#.###..... # #.....
#..... #..... ........


You could see 3 gnolls, a dart slug, 3 orcs, a frilled lizard and a rat.

Vanquished Creatures
  3 adders
  An ooze (D:2)
  A worm (D:2)
  A dart slug (D:2)
  A leopard gecko (D:1)
  6 bats
  2 goblins
  3 hobgoblins (D:1)
  A ball python (D:2)
  4 frilled lizards
  6 kobolds
  2 rats (D:2)
  A spectral orc (D:2)
32 creatures vanquished.

Notes
Turn   | Place    | Note
-------+----------+-------------------------------------------
     0 | D:1      | ICC the Vampire Enchanter began the quest for the Orb.
     0 | D:1      | Reached XP level 1. HP: 13/13 MP: 3/3
   378 | D:1      | Reached XP level 2. HP: 16/16 MP: 5/5
   382 | D:1      | Learned a level 2 spell: Ensorcelled Hibernation
   488 | D:1      | Reached skill level 1 in Fighting
   726 | D:1      | Reached skill level 5 in Stealth
   776 | D:1      | Reached XP level 3. HP: 15/20 MP: 0/6
  1057 | D:2      | Learned a level 3 spell: Confusing Touch
  1259 | D:2      | Found a basalt altar of Yredelemnul.
  1295 | D:2      | Found a glowing silver altar of Zin.
  1424 | D:3      | Reached skill level 6 in Stealth
  1428 | D:3      | Slain by an orc

Levels and vault maps discovered:
D:1:      dpeg_arrival_central, layout_basic
D:2:      layout_basic, zin_statuary, yredelemnul_forgotten_temple_becter
D:3:      layout_rooms, uniq_grinder

Skill      XL: |  1  2  3 |
---------------+----------+-----
Fighting       | 1 |  1.0
Stealth        | 5 6 |  6.0
Short Blades   | 2 |  2.8
Dodging        | |  2.1
Spellcasting   | |  2.0
Hexes          | |  4.4

Action                   || total
-------------------------++-------
Melee: Dagger            ||    73
       Bite              ||     2
Throw: Stone             ||    16
       Javelin           ||     2
 Cast: Corona            ||     3
       Ensorcelled Hiber ||     9
       Confusing Touch   ||     1
 Abil: Exsanguinate      ||     1
 Stab: Sleeping          ||    21
Armor: Robe              ||    12
Dodge: Dodged            ||    45

Table legend:
 A = Non-vault XP
 B = Vault XP
 C = Vault XP percentage of total XP
 D = Non-vault monster count
 E = Vault monster count
 F = Vault count percentage of total count
                 A         B        C        D         E       F
            +---------+---------+-------+---------+---------+-------
      Total |      94 |       1 |   1.1 |      31 |       1 |   3.1
            +---------+---------+-------+---------+---------+-------
        D:1 |      39 |       0 |   0.0 |      15 |       0 |   0.0
        D:2 |      40 |       1 |   2.4 |      14 |       1 |   6.7
        D:3 |      15 |       0 |   0.0 |       2 |       0 |   0.0
            +---------+---------+-------+---------+---------+-------
